 Dungeon Crawl Stone Soup version 0.28-a0-511-gcc94558de3 (webtiles) character file.

Game seed: 6533045715942663381

1333 Spaninq the Ruffian (level 8, 0/66 (68) HPs)
             Began as a Red Draconian Transmuter on Sept 21, 2021.
             Was an Initiate of Sif Muna.
             Slain by a chaos spawn (2 damage)
             ... on level 1 of the Abyss.
             The game lasted 00:23:04 (7309 turns).

Spaninq the Ruffian (Red Draconian Transmuter)      Turns: 7309, Time: 00:23:05

HP:   0/66 (68)     AC:  6    Str: 13    XL:     8   Next: 34%
MP:   12/12         EV: 13    Int: 15    God:    Sif Muna [......]
Gold: 239           SH:  0    Dex: 12    Spells: 10/13 levels left

rFire   + . .      SeeInvis .     - Unarmed
rCold   . . .      Faith    .   (no shield)
rNeg    . . .      Spirit   .   (armour unavailable)
rPois   .          Reflect  .   (helmet restricted)
rElec   .          Harm     .   (no cloak)
rCorr   .          Rampage  .   (no gloves)
Will    .....                   (no boots)
Stlth   +.........              (no amulet)
HPRegen 0.21/turn               (no ring)
MPRegen 0.13/turn               (no ring)

@: about to teleport, slowed, lightly drained, very slow
A: breathe fire, AC +6, unfitting armour, fire resistance 1, cold-blooded
a: Breathe Fire, Renounce Religion


You were on level 1 of the Abyss.
You worshipped Sif Muna.
Sif Muna was noncommittal.
You visited 1 branch of the dungeon, and saw 6 of its levels.
You visited the Abyss 1 time.
You also visited: Sewer.

You collected 239 gold pieces.

Inventory:

Hand Weapons
 l - the +3 quarterstaff "Killer Klown's Bane" {venom, *Rage rElec Str+8 Int-2}
   (You found it on level 4 of the Dungeon)

   It poisons the flesh of those it strikes.
   Str:       It affects your strength (+8).
   Int:       It affects your intelligence (-2).
   rElec:     It insulates you from electricity.
   *Rage:     It lets you go berserk by making a melee attack (+20% chance).
 t - a +0 scimitar
Magical Staves
 q - a staff of conjuration
Jewellery
 g - a ring of wizardry
 k - the ring "Muekix" {rPois Will+ Str+6}
   (You found it on level 4 of the Dungeon)

   [ring of strength]

   Str:       It affects your strength (+6).
   rPois:     It protects you from poison.
   Will:      It increases your willpower.
 n - a ring of protection from fire
Wands
 i - a wand of paralysis (1)
Scrolls
 o - a scroll of fear {unknown}
 p - a scroll of noise {unknown}
 r - 3 scrolls of identify
 s - a scroll of fog
Potions
 a - a potion of invisibility
 c - 2 potions of curing
 d - a potion of ambrosia
 e - a potion of flight
 f - a potion of mutation
 h - a potion of haste
 j - a potion of heal wounds {unknown}
 m - a potion of attraction {unknown}


   Skills:
 + Level 5.0 Fighting
 + Level 4.5 Dodging
 + Level 6.8 Unarmed Combat
 + Level 3.1 Spellcasting
 * Level 4.4 Transmutations


You had 10 spell levels left.
You knew the following spells:

 Your Spells              Type           Power      Damage    Failure   Level
a - Beastly Appendage     Tmut           30%        N/A       3%          1
b - Wereblood             Tmut           15%        N/A       4%          2

Your spell library contained the following spells:

 Spells                   Type           Power      Damage    Failure   Level
 Spider Form              Tmut/Pois      4%         N/A       24%         3
 Ensorcelled Hibernation  Hex/Ice        4%         N/A       30%         2
 Scorch                   Fire           4%         2d5       30%         2
 Tukima's Dance           Hex            2%         N/A       52%         3
 Ice Form                 Ice/Tmut       9%         N/A       61%         4
 Flame Wave               Conj/Fire      2%         3d3       89%         4
 Summon Cactus Giant      Summ           1%         N/A       100%        6


Dungeon Overview and Level Annotations

Branches:
Dungeon (6/15)              Sewer (visited)
 Temple: D:4-7

Altars:
Sif Muna
Wu Jian

Annotations:
D:3 Sigmund
D:6 Crazy Yiuf


Innate Abilities, Weirdness & Mutations

You can breathe blasts of fire.
Your fiery red scales are hard. (AC +6)
You cannot fit into any form of body armour.
Your flesh is heat resistant. (rF+)
You are cold-blooded and may be slowed by cold attacks.


Message History

An ancient zyme comes into view.
You feel yourself growing ill in the presence of the ancient zyme.
The smoke demon gestures at you. The sticky flame hits you. You resist.
You are covered in liquid flames!
You are covered in liquid flames!
The smoke demon barely misses you. The smoke demon misses you. x2
You are covered in liquid flames!
You are covered in liquid flames!
You are no longer on fire.
The smoke demon gestures at you. The sticky flame misses you.
A shadow imp comes into view.
The shadow imp shouts, "Go and return not, thou bumbling sheep-biting joithead!"
The smoke demon gestures at you. The ball of steam misses you.
The smoke demon gestures at you. The ball of steam hits you. You resist.
The smoke demon completely misses you. The smoke demon closely misses you.
The smoke demon hits you but does no damage.
A chaos spawn comes into view.
The chaos spawn croaks.
The smoke demon gestures at you. The ball of steam hits you! You resist.
The small abomination hits you.
As you read the scroll of teleportation, it crumbles to dust.
You feel strangely unstable.
You feel the power of the Abyss delaying your translocation!
The small abomination misses you. The smoke demon gestures at you.
Something smites you! The chaos spawn hits you!
* * * LOW HITPOINT WARNING * * *
The chaos spawn freezes you!
You feel yourself slow down.
* * * LOW HITPOINT WARNING * * *
The small abomination hits you.
* * * LOW HITPOINT WARNING * * *
Unknown command.
The chaos spawn hits you.
You die...

######.###
........#.
#.....#..#
##......##.
#..ยง.#.##
# .#35..##
###.##.#
#.4x####
#@#..#
##.....#
.##...# #..
.##.#
...... .
#..##.. ..#
.# ...


You could see a smoke demon, a chaos spawn, a small abomination and a shadow
imp.

Vanquished Creatures
  A black bear (D:6)
  A sky beast (D:5)
  2 ogres (D:5)
  2 phantoms (D:5)
  A kobold brigand (Sewer)
  2 scorpions
  A water moccasin skeleton (D:5)
  2 bullfrog zombies
  An orc priest (D:3)
  4 iguanas
  Jessica (D:2)
  A scorpion zombie (D:5)
  Ijyb (D:4)
  Terence (D:2)
  An orc wizard (D:5)
  10 adders
  A howler monkey skeleton (D:5)
  2 river rats (Sewer)
  A shadow imp (D:3)
  5 worms
  A dart slug (D:4)
  14 orcs
  5 bats
  4 endoplasms
  5 giant cockroaches
  10 goblins
  4 hobgoblins
  4 jackals (D:1)
  3 quokkas (D:3)
  7 ball pythons
  A frilled lizard (D:1)
  15 kobolds
  9 rats
123 creatures vanquished.

Vanquished Creatures (others)
  An orc wizard (D:5)
1 creature vanquished.

Grand Total: 124 creatures vanquished

Notes
Turn   | Place    | Note
-------+----------+-------------------------------------------
     0 | D:1      | Spaninq the Draconian Transmuter began the quest for the
                  | Orb.
     0 | D:1      | Reached XP level 1. HP: 16/16 MP: 3/3
   369 | D:1      | Reached XP level 2. HP: 17/23 MP: 5/5
   646 | D:1      | Learned a level 2 spell: Wereblood
  1275 | D:1      | Reached XP level 3. HP: 29/29 MP: 4/6
  1732 | D:2      | Reached skill level 4 in Unarmed Combat
  1836 | D:2      | Reached XP level 4. HP: 36/36 MP: 4/7
  2050 | D:2      | Noticed Terence
  2057 | D:2      | Killed Terence
  2218 | D:2      | Noticed Jessica
  2220 | D:2      | Killed Jessica
  2690 | D:3      | Reached XP level 5. HP: 42/42 MP: 4/8
  3013 | D:3      | Found a glowing drain.
  3017 | Sewer    | Entered a sewer
  3042 | Sewer    | Reached skill level 5 in Unarmed Combat
  3337 | Sewer    | Reached XP level 6. HP: 43/51 MP: 5/9
  3413 | Sewer    | Found a white marble altar of Elyvilon.
  3546 | D:3      | Noticed Sigmund
  4540 | D:4      | Identified the ring "Muekix" {rPois Will+ Str+6}
  4717 | D:4      | Noticed Ijyb
  4718 | D:4      | Paralysed by Ijyb for 5 turns
  4738 | D:4      | Killed Ijyb
  4744 | D:4      | Identified the +3 quarterstaff "Killer Klown's Bane"
                  | {venom, *Rage rElec Str+8 Int-2}
  4934 | D:5      | Entered Level 5 of the Dungeon
  5020 | D:5      | Reached skill level 6 in Unarmed Combat
  5038 | D:5      | Your scales start taking on a fiery red colour.
  5038 | D:5      | Reached XP level 7. HP: 35/59 MP: 10/10
  5038 | D:5      | Gained mutation: Your flesh is heat resistant. (rF+) [Red
                  | Draconian growth]
  5361 | D:5      | Found an ornate altar of the Wu Jian Council.
  5906 | D:5      | Reached XP level 8. HP: 40/67 MP: 8/12
  6038 | D:5      | Found a shimmering blue altar of Sif Muna.
  6046 | D:5      | Became a worshipper of Sif Muna the Loreminder
  6883 | D:6      | Reached skill level 5 in Fighting
  6983 | D:6      | Found a runed translucent door.
  6984 | D:6      | Noticed Crazy Yiuf
  6994 | D:6      | Cast into level 1 of the Abyss (Crazy Yiuf)
  7269 | Abyss:1  | Noticed a smoke demon
  7280 | Abyss:1  | Noticed an ancient zyme
  7308 | Abyss:1  | HP: 1/66 [small abomination (4)]
  7309 | Abyss:1  | Slain by a chaos spawn

Illustrated notes

Levels and vault maps discovered:
D:1:      dpeg_arrival_oval, layout_loops_corners, serial_forest,
          infiniplex_forest_clump_long, infiniplex_forest_zigzag_1,
          infiniplex_forest_side_room, infiniplex_forest_zigzag_2,
          infiniplex_forest_lined_room_2, infiniplex_forest_straight_3
D:2:      layout_loops_cross, minmay_pentomino_u2, uniq_jessica, uniq_terence
D:3:      layout_rooms, gup_sewer_entry_spiral, uniq_sigmund
D:4:      layout_loops_corners, uniq_ijyb
D:5:      layout_basic, nicolae_sif_muna_little_library,
          mainiacjoe_overflow_alcove_4, st_stairs_10
D:6:      cheibrodos_barr_body, layout_basic, ebering_ghost_rock_garden,
          grunt_tough_drop, uniq_eustachio, uniq_crazy_yiuf_cottage
Abyss:1:  base: D:2, eino_small_chamber_without_monster

Skill      XL: |  1  2  3  4  5  6  7  8 |
---------------+-------------------------+-----
Dodging        | 2 3 4 |  4.5
Fighting       | 2 3 4 5 |  5.0
Unarmed Combat | 4 5 6 |  6.8
Transmutations | 3 4 |  4.4
Spellcasting   | 3 |  3.1

Action                   |  1- 3 |  4- 6 |  7- 9 || total
-------------------------+-------+-------+-------++-------
Melee: Unarmed           |   131 |   217 |    94 ||   442
       Tailslap          |     8 |    26 |     8 ||    42
       Kick              |    11 |    35 |    26 ||    72
       Headbutt          |     8 |    21 |    18 ||    47
       Punch             |     1 |     4 |     6 ||    11
       Quarterstaff      |       |       |    16 ||    16
 Cast: Beastly Appendage |    11 |    44 |    17 ||    72
       Wereblood         |     2 |     4 |     2 ||     8
 Abil: Breathe Fire      |       |       |     1 ||     1
  Use: Scroll            |       |     8 |     1 ||     9
       Potion            |       |     5 |       ||     5
 Stab: Sleeping          |     2 |     1 |       ||     3
       Invisible         |       |     4 |       ||     4
Armor: Skin              |    37 |    56 |    24 ||   117
Dodge: Dodged            |    68 |   134 |    62 ||   264

Table legend: (Time is in decaauts)
 A = Elapsed time spent in this place.
 B = Non-inter-level travel time spent in this place.
 C = Inter-level travel time spent in this place.
 D = Time resting spent in this place.
 E = Time spent auto-exploring this place.
 F = Levels seen in this place.
 G = Mean time per level.
                   A        B        C        D        E       F      G
               +--------+--------+--------+--------+--------+-----+--------+
         Total |   7395 |   7170 |    225 |    767 |   4726 |   8 |  924.4 |
       Dungeon |   6564 |   6339 |    225 |    421 |   4569 |   6 | 1094.0 |
         Abyss |    314 |    314 |      0 |    193 |      0 |   1 |  314.0 |
         Sewer |    516 |    516 |      0 |    153 |    157 |   1 |  516.0 |
               +--------+--------+--------+--------+--------+-----+--------+

Top non-repeatable levels by time:
     D:5: 1779 daAuts
     D:1: 1530 daAuts
     D:2: 1220 daAuts
     D:4: 1066 daAuts
     D:3: 684 daAuts
   Sewer: 516 daAuts
 Abyss:1: 314 daAuts
     D:6: 284 daAuts
